 Dungeon Sprint DCSS version 0.31.0-32-g396128a36d (webtiles) character file.

Game seed: 7840075720381934402

19 Groucho the Digger (level 2, 0/15 HPs)
             Began as a Deep Elf Earth Elementalist on Mar 15, 2024.
             Was a Believer of Sif Muna.
             Slain by an ice beast (5 damage)
             ... in the Dungeon (Sprint VII: "The Pits").
             The game lasted 00:01:01 (490 turns).

Groucho the Digger (Deep Elf Earth Elementalist)     Turns: 490, Time: 00:01:01

Health: 0/15       AC:  2    Str:  5    XL:     2   Next: 55%
Magic:  8/9        EV: 12    Int: 19    God:    Sif Muna [**....]
Gold:   0          SH:  0    Dex: 15    Spells: 8/9 levels left

rFire   . . .        h - +2 dagger
rCold   . . .        (no shield)
rNeg    . . .        a - +0 robe
rPois   .            (no helmet)
rElec   .            (no cloak)
rCorr   .            (no gloves)
SInv    .            (no boots)
Will    .....        (no amulet)
Stlth   ++           (no ring)
HPRegen 0.22/turn    (no ring)
MPRegen 0.11/turn

%: no teleportation
@: hasted, very quick
A: no striking features
a: Renounce Religion, Channel Magic


You were in the Dungeon.
You worshipped Sif Muna.
Sif Muna was pleased with you.
You visited 1 branch

Inventory:

Hand Weapons
 h - a +2 dagger (weapon)
Armour
 a - a +0 robe (worn)
Scrolls
 g - a scroll of blinking
 j - 2 scrolls of vulnerability
 k - 5 scrolls of amnesia
 l - a scroll of butterflies
Potions
 b - 5 potions of magic
 c - a potion of curing
 d - a potion of heal wounds
 f - 3 potions of berserk rage
 i - 2 potions of invisibility


   Skills:
 - Level 2.4 Dodging
 - Level 2.4 Stealth
 + Level 4.2 Spellcasting
 * Level 3.6 Conjurations
 * Level 4.9 Earth Magic


You had 8 spell levels left.
You knew the following spells:

 Your Spells              Type           Power      Damage    Failure   Level
a - Sandblast             Erth           44%        2d11      1%          1

Your spell library contained the following spells:

 Spells                   Type           Power      Damage    Failure   Level
 Passwall                 Erth           22%        N/A       5%          3
 Stone Arrow              Conj/Erth      40%        3d9       7%          3
 Brom's Barrelling Bould  Conj/Erth      20%        2d4       22%         4
 Petrify                  Alch/Erth      13%        N/A       43%         4


Dungeon Overview and Level Annotations

Branches:
Dungeon (1/1)

Altars:
Ashenzari
Cheibriados
Dithmenos
Elyvilon
Fedhas
Gozag
Hepliaklqana
Kikubaaqudgha
Makhleb
Nemelex Xobeh
Okawaru
Qazlal
Ru
Sif Muna
Trog
Uskayaw
Vehumet
Wu Jian
Xom
Yredelemnul
Zin
The Shining One
Jiyva
Lugonu


Message History

Press: ? - help, Shift-Dir - straight line, f/p - ice beast
Aim: an ice beast (83% to hit)
The blast of sand hits the ice beast!
The ice beast is moderately wounded.
Unknown command.
Unknown command.
Okay, then.
Unknown command.
Casting: Sandblast (safe; 1% risk of failure)
Confirm with . or Enter, or press ? or * to list all spells.
Aiming: Sandblast (safe; 1% risk of failure)
Press: ? - help, Shift-Dir - straight line, f/p - ice beast
Aim: an ice beast (moderately wounded, 83% to hit)
The blast of sand hits the ice beast.
The ice beast is moderately wounded.
Unknown command.
Unknown command.
You fail to use your ability.
You fail to use your ability.
The ice beast attacks as it pursues you!
The ice beast completely misses you.
Casting: Sandblast (safe; 1% risk of failure)
Confirm with . or Enter, or press ? or * to list all spells.
Aiming: Sandblast (safe; 1% risk of failure)
Press: ? - help, Shift-Dir - straight line, f/p - ice beast
Aim: an ice beast (moderately wounded, 83% to hit)
The blast of sand hits the ice beast.
The ice beast is moderately wounded.
You feel less invigorated.
Unknown command.
Unknown command.
Casting: Sandblast (safe; 1% risk of failure)
Confirm with . or Enter, or press ? or * to list all spells.
Aiming: Sandblast (safe; 1% risk of failure)
Press: ? - help, Shift-Dir - straight line, f/p - ice beast
Aim: an ice beast (moderately wounded, 83% to hit)
The blast of sand hits the ice beast.
The ice beast is heavily wounded.
The ice beast hits you. The ice beast freezes you.
You die...

___.# ___.#
_...###########++######
###'##................#
))'.##......#..#......#
###.##................+
.....'................+
'#####......#..#.Y....#
.# #..........@.....#
Y# ####'#####++######
†# #.......# ##
#.......# .# #.......#
.# #...<...# ...
#.......#
....##.......#
######.......#


You could see an ice beast.

Vanquished Creatures
  A river rat (D)
  An orc (D)
  2 ball pythons (D)
  An endoplasm (D)
  A giant cockroach (D)
  A goblin (D)
  A quokka (D)
8 creatures vanquished.

Notes
Turn   | Place    | Note
-------+----------+-------------------------------------------
     0 | D        | Groucho the Deep Elf Earth Elementalist began the quest for
                  | the Orb.
     0 | D        | Reached XP level 1. HP: 10/10 MP: 6/6
    13 | D        | Reached XP level 2. HP: 12/15 MP: 2/8
   251 | D        | Found a glowing golden altar of the Shining One.
   251 | D        | Found a glowing silver altar of Zin.
   251 | D        | Found a basalt altar of Yredelemnul.
   251 | D        | Found a shimmering altar of Xom.
   251 | D        | Found an ornate altar of the Wu Jian Council.
   251 | D        | Found a bloodstained altar of Trog.
   251 | D        | Found a shimmering blue altar of Sif Muna.
   251 | D        | Found a sacrificial altar of Ru.
   251 | D        | Found a stormy altar of Qazlal.
   251 | D        | Found an iron altar of Okawaru.
   251 | D        | Found a sparkling altar of Nemelex Xobeh.
   251 | D        | Found a burning altar of Makhleb.
   251 | D        | Found a viscous altar of Jiyva.
   251 | D        | Found a hazy altar of Hepliaklqana.
   251 | D        | Found an opulent altar of Gozag.
   251 | D        | Found a blossoming altar of Fedhas.
   251 | D        | Found a white marble altar of Elyvilon.
   251 | D        | Found a shadowy altar of Dithmenos.
   251 | D        | Found a snail-covered altar of Cheibriados.
   252 | D        | Found a radiant altar of Vehumet.
   252 | D        | Found a corrupted altar of Lugonu.
   253 | D        | Found a hide-covered altar of Uskayaw.
   253 | D        | Found an ancient bone altar of Kikubaaqudgha.
   253 | D        | Found a broken altar of Ashenzari.
   256 | D        | Became a worshipper of Sif Muna the Loreminder
   447 | D        | Reached * piety under Sif Muna
   453 | D        | Noticed an ice beast
   454 | D        | Reached ** piety under Sif Muna
   490 | D        | Slain by an ice beast

Illustrated notes

Levels and vault maps discovered:
D:        pitsprint [storerooms_1, entrance_room_1, metal_vault_8, armoury_2,
          mini_pit_1, grid_room_1, main_hall_1, silver_pit, the_coven_1,
          the_vestibule_1, steel_vault_5, golden_pit, hallway_of_sentries,
          crystal_vault_4, iron_vault_4, final_vault]

Skill      XL: |  1  2 |
---------------+-------+-----
Conjurations   | 3 |  3.6
Earth Magic    | 4 |  4.9
Spellcasting   | 4 |  4.2
Dodging        | |  2.4
Stealth        | |  2.4

Action                     || total
---------------------------++-------
   Cast: Sandblast         ||    17
 Invoke: Channel Magic     ||     1
    Use: Potion            ||     1
 Armour: Robe              ||     3
  Dodge: Dodged            ||     3
